 Dungeon Crawl Stone Soup version 0.18.1-5-g4a78601 (webtiles) character file.

266161 nubinia the Crack Shot (level 19, -6/112 HPs)
             Began as a High Elf Air Elementalist on May 12, 2016.
             Was the Champion of Vehumet.
             Mangled by a naga warrior
             ... wielding a +0 halberd
              (22 damage)
             ... on level 4 of the Snake Pit on May 14, 2016.
             The game lasted 08:46:28 (71302 turns).

nubinia the Crack Shot (High Elf Air Elementalist) Turns: 71302, Time: 08:46:29

Health: -6/112     AC: 27    Str:  7    XL:     19   Next: 70%
Magic:  31/40      EV: 29    Int: 23    God:    Vehumet [******]
Gold:   1430       SH:  0    Dex: 33    Spells: 15 memorised, 3 levels left

rFire  + . .     SeeInvis .     b - +4 dagger (protect)
rCold  . . .     Gourm    .     I - +3 leather armour "Boezxed" {rF+}
rNeg   + + .     Faith    .     (no shield)
rPois  +         Spirit   .     l - +2 hat
rElec  +         Dismiss  +     c - +2 cloak {MR+}
rCorr  .         Reflect  .     T - +2 pair of gloves
SustAt .         Harm     .     k - +2 pair of boots {Fly}
MR     ++...     NoTele   +     h - amulet of Cekugob {Dismiss -Tele rElec rPois rN++ AC+1 EV+1}
Stlth  ++++++....               p - +3 ring of protection
                                X - +6 ring of dexterity

@: agile, flying, constricted, very resistant to hostile enchantments, very
stealthy
A: no striking features
a: Renounce Religion, Stop Flying
}: 1/15 runes: barnacled


You were on level 4 of the Snake Pit.
You worshipped Vehumet.
Vehumet was exalted by your worship.
You were full.

You visited 8 branches of the dungeon, and saw 37 of its levels.
You also visited: Sewer, Bailey and Wizlab.

You collected 3218 gold pieces.
You spent 1788 gold pieces at shops.

Inventory:

Hand Weapons
 a - a +3 shortbow of evasion
 b - a +4 dagger of protection (weapon)
 N - the +7 short sword of Havoc {speed, MR+ MP+9 Dex+5 Stlth-}
   (You found it on level 2 of the Vaults)

   Attacks with this weapon are significantly faster.
   It affects your dexterity (+5).
   It affects your resistance to hostile enchantments.
   It affects your magic capacity (+9).
   It makes you less stealthy.
 W - a +2 longbow of velocity
Missiles
 P - 505 arrows
Armour
 c - a +2 cloak of magic resistance (worn)
 k - a +2 pair of boots of flying (worn)
 l - a +2 hat (worn)
 I - the +3 leather armour "Boezxed" (worn) {rF+}
   (You found it on level 14 of the Dungeon)

   It protects you from fire.
 R - the +1 shield "Ohotink" {rN+ rCorr Str+7}
   (You acquired it on level 2 of the Elven Halls)

   It affects your strength (+7).
   It protects you from negative energy.
   It protects you from acid and corrosion.
 T - a +2 pair of gloves (worn)
Jewellery
 g - an uncursed amulet of the gourmand
 h - the amulet of Cekugob (around neck) {Dismiss -Tele rElec rPois rN++ AC+1 EV+1}
   (You bought it in a shop on level 4 of the Snake Pit)

   [amulet of dismissal]

   It may teleport away creatures that harm you.
   It affects your AC (+1).
   It affects your evasion (+1).
   It insulates you from electricity.
   It protects you from poison.
   It greatly protects you from negative energy.
   It prevents most forms of teleportation.
 p - a +3 ring of protection (right hand)
 s - an uncursed ring of see invisible
 S - an uncursed ring of protection from cold
 X - a +6 ring of dexterity (left hand)
Wands
 m - a wand of disintegration (5/24)
 n - a wand of iceblast (1/15)
 q - a wand of iceblast (8/15)
 v - a wand of flame (28/48)
 J - a wand of digging (15/24)
Scrolls
 d - 4 scrolls of recharging
 j - 14 scrolls of remove curse
 o - 8 scrolls of teleportation
 r - 7 scrolls of blinking
 t - 7 scrolls of fear
 x - a scroll of silence
 A - a scroll of brand weapon
 E - 3 scrolls of magic mapping
 H - 13 scrolls of identify
Potions
 f - 11 potions of curing
 i - 3 potions of heal wounds
 u - 5 potions of might
 w - 3 potions of cancellation
 z - 2 potions of agility
 D - a potion of magic
 F - 4 potions of invisibility
 L - 2 potions of berserk rage
 O - 4 potions of brilliance
 U - 2 potions of resistance
 Y - a potion of haste
Miscellaneous
 y - a phial of floods
 M - a lamp of fire (inert)
Comestibles
 B - 17 bread rations
 Q - a royal jelly


   Skills:
 + Level 4.7 Fighting
 + Level 4.7 Short Blades
 + Level 23.4 Bows
 + Level 3.7 Armour
 + Level 11.9 Dodging
 + Level 10.5 Stealth
 + Level 4.4 Shields
 + Level 16.9 Spellcasting
 + Level 15.1 Conjurations
 + Level 2.1 Hexes
 + Level 2.5 Charms
 + Level 9.0 Translocations
 + Level 5.8 Fire Magic
 + Level 1.0 Ice Magic
 + Level 13.5 Air Magic
 - Level 1.1 Poison Magic
 + Level 2.3 Evocations


You had 3 spell levels left.
You knew the following spells:

 Your Spells              Type           Power        Failure   Level  Hunger
a - Shock                 Conj/Air       ####         0%          1    None
b - Portal Projectile     Tloc           ######       1%          3    None
c - Mephitic Cloud        Conj/Pois/Air  ######..     1%          3    None
d - Passage of Golubria   Tloc           N/A          1%          4    None
e - Fireball              Conj/Fire      ######....   1%          5    #......
f - Force Lance           Conj/Tloc      ######..     1%          4    None
g - Shroud of Golubria    Chrm/Tloc      #####.....   1%          2    None
h - Conjure Ball Lightni  Conj/Air       ######....   1%          6    ####...
i - Dazzling Spray        Conj/Hex       ######..     1%          3    None
j - Blink                 Tloc           N/A          1%          2    None
k - Sticky Flame          Conj/Fire      ######..     1%          4    None
l - Freezing Cloud        Conj/Ice/Air   ######....   3%          6    ####...
m - Apportation           Tloc           ######....   1%          1    None
r - Repel Missiles        Chrm/Air       ######       1%          2    None
s - Swiftness             Chrm/Air       ######..     1%          2    None


Dungeon Overview and Level Annotations

Branches:
Dungeon (14/15)            Temple (1/1) D:7            Lair (8/8) D:10
 Shoals (4/4) Lair:6        Snake (4/4) Lair:4        Slime (0/6) Lair:8
    Orc (2/2) D:12            Elf (2/3) Orc:2        Vaults (2/5) D:14
  Crypt: Vaults:2-3

Altars:
Ashenzari
Dithmenos
Fedhas
Gozag
Kikubaaqudgha
Makhleb
Nemelex Xobeh
Okawaru
Pakellas
Qazlal
Ru
Sif Muna
Trog
Vehumet
Xom
Yredelemnul
Zin
The Shining One
Jiyva
Lugonu

Shops:
D:12 }   Orc:2 *?*[   Elf:2 (   Snake:4 =

Portals:
Trove: D:14 (give +5 ice dragon armour)

Annotations:
D:6 exclusion: 2 doors
Shoals:4 Ilsuiw
Elf:2 3 runed doors


Message History

The bolt hits your fire elemental! The naga warrior spits poison at you.
The splash of poison misses you.
Evoke which item? (* to show all) (? for menu, Esc to quit)
Aiming: Phantom Mirror
Press: ? - help, Dir - move target cursor, f - greater naga
Aim: a greater naga, wielding a flail and wearing a robe (lightly wounded, poisoned, catching its breath)
You reflect the greater naga with the mirror, and the mirror shatters!
The naga mage closely misses you.
Your fire elemental is engulfed in freezing vapours.
You destroy your fire elemental!
The greater naga hits you with a flail.
* * * LOW HITPOINT WARNING * * *
The naga warrior hits you with a battleaxe of chopping!
* * * LOW HITPOINT WARNING * * *
x2 The naga warrior constricts you.
Your greater naga gestures wildly while chanting.
Your greater naga seems to speed up.
The naga warrior hits you with a halberd!!
You die...

.....#.......≈≈§..[).)#.....#....
.....#......≈≈≈§......#.....'....
.....#(...≈≈≈≈§§§.§§..#.....#....
....##..≈§≈§≈≈≈§§≈§§..##....+..#.
...##...≈≈≈≈≈≈≈§≈≈§≈...##...#####
..##..§≈≈§########≈≈≈...##.......
.##))≈§≈###......###≈≈≈..##......
##..≈§≈##....)..NN.##≈≈§§.##.....
#§)≈§≈##......NN@N..##≈≈≈..##....
§.≈≈≈##..†.######)...##≈≈≈..##...
§≈§≈##...### ###.§§##≈≈≈..##..
§≈§##...## ##.§§##§≈≈..#..
..≈#...## #§§§#≈§§..#.. ...'...#
.§(#####)#.. ######## §#§. #.<..
#§ §. ##... §§ N #...


You could see 2 naga warriors, a greater naga, a naga mage and a friendly
greater naga.

Vanquished Creatures
  Norris (Vaults:1)
  Jorgrun (Snake:2)
  Rupert (Snake:1)
  Polyphemus (Shoals:3)
  A tentacled starspawn (Elf:1)
  8 greater nagas
  A frost giant (Shoals:1)
  A vault warden (Vaults:1)
  An orc warlord (Vaults:1)
  3 very ugly things (Vaults:1)
  3 ironheart preservers (Vaults:1)
  A stone giant (Vaults:2)
  A deep elf demonologist (Vaults:1)
  A deep elf annihilator (Elf:1)
  Snorg (D:11)
  Josephine (Lair:7)
  4 deep elf death magi
  An ettin (Vaults:2)
  10 vault guards
  5 merfolk javelineers
  2 fire dragons
  3 ogre magi
  11 merfolk impalers
  Erolcha (D:9)
  4 yaktaur captains (Vaults:1)
  6 hydras
  Fannar (D:11)
  12 naga warriors
  A catoblepas (Shoals:2)
  2 centaur warriors
  2 merfolk avatars
  8 anacondas
  5 merfolk aquamancers
  3 tengu warriors (D:14)
  3 alligator snapping turtles
  A satyr (Shoals:3)
  11 dancing weapons
  10 death yaks
  Urug (Orc:1)
  6 shock serpents
  3 orc high priests (Orc:2)
  22 naga sharpshooters
  13 deep elf knights
  Nergalle (D:11)
  A fire crab (Lair:7)
  2 salamander mystics (Snake:4)
  A shadow wraith (Vaults:1)
  16 sea snakes
  4 deep trolls (Vaults:1)
  6 unseen horrors
  4 naga ritualists
  3 hill giants
  3 harpies (shapeshifter)
  9 deep elf archers
  2 ironbrand convokers (Vaults:1)
  13 orc knights
  Pikel (D:9)
  10 harpies
  2 wizards (D:14)
  A lindwurm (Snake:4)
  52 deep elf magi
  9 mana vipers
  6 orc sorcerers
  4 fauns
  8 salamanders
  12 cyclopes
  9 elephants
  12 griffons
  A hornet (Vaults:1)
  19 ugly things
  A guardian serpent (shapeshifter) (Elf:1)
  8 manticores
  10 sirens
  13 naga magi
  39 black mambas
  5 guardian serpents
  Psyche (D:10)
  3 gargoyles (D:14)
  5 water nymphs
  5 vault sentinels (Vaults:1)
  12 spiny frogs
  A komodo dragon (shapeshifter) (Vaults:1)
  A kobold demonologist (Vaults:1)
  4 rime drakes
  A rime drake (shapeshifter) (Vaults:2)
  A freezing wraith (D:14)
  3 yaktaurs (Vaults:1)
  13 komodo dragons
  4 trolls
  37 merfolk
  7 two-headed ogres
  3 wind drakes
  2 polar bears
  10 slime creatures
  14 blink frogs
  Prince Ribbit (D:9)
  13 snapping turtles
  2 boulder beetles
  A redback (Vaults:1)
  A spriggan (shapeshifter) (Vaults:1)
  An air elemental (Elf:1)
  3 wyverns
  A hog (shapeshifter) (D:14)
  16 hippogriffs
  3 steam dragons
  A vampire (D:13)
  12 water elementals
  3 fire elementals (Elf:1)
  25 yaks
  A human simulacrum (Vaults:1)
  4 wraiths
  2 yaktaur simulacra
  20 vampire mosquitoes
  5 basilisks
  A hungry ghost (D:8)
  A soldier ant (Vaults:1)
  3 mottled dragons
  41 nagas
  A warg (Vaults:1)
  8 water moccasins
  10 porcupines
  27 orc warriors
  7 sky beasts
  5 necrophages
  3 ice beasts
  A swamp drake (Lair:8)
  3 wasps
  4 black bears
  20 ogres
  3 phantoms
  12 centaurs
  3 boggarts (D:14)
  9 wolves (Lair:7)
  19 crocodiles
  5 big kobolds
  The ghost of esc the Firebug, an amateur DEFE (D:5)
  28 giant frogs
  2 wyvern zombies
  2 gnoll sergeants (D:12)
  4 earth elementals
  A water moccasin zombie (D:12)
  7 scorpions
  6 killer bees
  9 wights
  3 spriggan skeletons (D:9)
  A troll skeleton (D:9)
  7 howler monkeys
  The ghost of nubinia the Firebug, a weakling HEFE (D:3)
  2 centaur zombies
  2 quasits
  8 crimson imps
  13 orc priests
  3 jellies
  4 giant frog skeletons
  9 hounds
  A gnoll shaman (D:4)
  6 centaur skeletons
  20 orc wizards
  15 iguanas
  14 worker ants
  20 sheep
  2 hound zombies
  A hound skeleton (D:4)
  2 howler monkey zombies
  Robin (D:2)
  A howler monkey skeleton (D:8)
  16 adders
  9 gnolls
  84 river rats
  2 shadow imps
  3 oozes
  9 worms
  3 dart slugs
  8 giant geckos
  73 orcs
  5 ball pythons
  23 bats
  18 giant cockroaches
  13 hobgoblins
  9 jackals
  5 quokkas
  A ball python skeleton (D:4)
  2 giant gecko zombies (D:6)
  7 giant newts
  28 goblins
  A jackal skeleton (D:4)
  24 kobolds
  18 rats
  A butterfly (Lair:3)
  3 fungi
  2 plants
1456 creatures vanquished.

Vanquished Creatures (collateral kills)
  A death yak (Lair:7)
  A salamander (Snake:4)
  An orc warrior (Vaults:1)
  A crocodile (Lair:7)
  6 river rats (Lair:7)
  2 fungi (Lair:6)
12 creatures vanquished.

Vanquished Creatures (others)
  A sphinx (D:14)
  A deep elf knight (Elf:2)
  11 ball lightnings
  A black mamba (Snake:2)
  3 nagas
  2 slaves (D:9)
  An orc wizard (Orc:2)
  31 fungi
  41 plants
  6 starspawn tentacles
  203 starspawn tentacle segments (WizLab)
301 creatures vanquished.

Grand Total: 1769 creatures vanquished

Notes
Turn   | Place    | Note
--------------------------------------------------------------
     0 | D:1      | nubinia the High Elf Air Elementalist began the quest for the Orb.
     0 | D:1      | Reached XP level 1. HP: 11/11 MP: 4/4
   276 | D:1      | Reached XP level 2. HP: 17/17 MP: 3/6
   302 | D:1      | Learned a level 2 spell: Repel Missiles
   306 | D:1      | Learned a level 2 spell: Swiftness
  1561 | D:2      | Reached XP level 3. HP: 21/21 MP: 0/8
  2180 | D:2      | Learned a level 3 spell: Static Discharge
  2474 | D:2      | Reached XP level 4. HP: 27/27 MP: 7/9
  2873 | D:2      | Noticed Robin
  2994 | D:2      | Killed Robin
  3207 | D:3      | Noticed nubinia's ghost (weakling HEFE)
  3602 | D:4      | Found a glowing drain.
  3616 | D:4      | Reached XP level 5. HP: 32/32 MP: 9/11
  3632 | Sewer    | Entered a sewer
  5222 | D:4      | Reached skill level 5 in Air Magic
  5222 | D:4      | Reached XP level 6. HP: 22/37 MP: 3/13
  6015 | D:3      | Reached skill level 1 in Fighting
  6169 | D:3      | Found an opulent altar of Gozag.
  6398 | D:4      | Reached skill level 5 in Spellcasting
  6398 | D:4      | Reached XP level 7. HP: 36/43 MP: 8/15
  6503 | D:4      | Gained mutation: Your body sometimes deteriorates upon taking damage. [potion of mutation]
  6503 | D:4      | Gained mutation: You can translocate small distances at will. [potion of mutation]
  6504 | D:4      | Lost mutation: Your body sometimes deteriorates upon taking damage. [potion of cure mutation]
  6504 | D:4      | Lost mutation: You can translocate small distances at will. [potion of cure mutation]
  6523 | D:4      | Noticed an angel
  6524 | D:4      | Found a glowing silver altar of Zin.
  6805 | D:3      | Found a shimmering altar of Xom.
  6807 | D:3      | Found a burning altar of Makhleb.
  7279 | D:3      | Killed nubinia's ghost
  7947 | D:5      | Entered Level 5 of the Dungeon
  7947 | D:5      | Noticed esc's ghost (amateur DEFE)
  8022 | D:5      | Reached skill level 5 in Conjurations
  8412 | D:5      | Killed esc's ghost
  8412 | D:5      | Reached XP level 8. HP: 32/50 MP: 2/18
 10086 | D:5      | Learned a level 1 spell: Flame Tongue
 10089 | D:5      | Learned a level 2 spell: Throw Flame
 10272 | D:6      | Reached XP level 9. HP: 29/54 MP: 5/21
 10513 | D:6      | Found a blossoming altar of Fedhas.
 10592 | D:6      | Found a basalt altar of Yredelemnul.
 11127 | D:6      | Found a bloodstained altar of Trog.
 11502 | D:7      | Found a shadowy altar of Dithmenos.
 11642 | D:7      | Learned a level 1 spell: Magic Dart
 11646 | D:7      | Learned a level 3 spell: Mephitic Cloud
 11659 | D:7      | Found a glowing golden altar of the Shining One.
 11667 | D:7      | Found a sacrificial altar of Ru.
 11668 | D:7      | Found a shadowy altar of Dithmenos.
 11672 | D:7      | Found a deep blue altar of Sif Muna.
 11673 | D:7      | Found a stormy altar of Qazlal.
 11869 | D:7      | Found a staircase to the Ecumenical Temple.
 11878 | Temple   | Entered the Ecumenical Temple
 11894 | Temple   | Became a worshipper of Vehumet
 12146 | D:8      | Found a blossoming altar of Fedhas.
 12146 | D:8      | Found an ancient bone altar of Kikubaaqudgha.
 12341 | D:8      | Reached skill level 1 in Short Blades
 12341 | D:8      | Reached skill level 5 in Dodging
 12355 | D:8      | Found an oddly glowing altar of Pakellas.
 12445 | D:8      | Reached skill level 1 in Bows
 12713 | D:8      | Reached skill level 2 in Bows
 12923 | D:8      | Reached XP level 10. HP: 60/60 MP: 21/24
 13091 | D:9      | Reached skill level 3 in Bows
 13184 | D:9      | Noticed Erolcha
 13202 | D:9      | Noticed Prince Ribbit
 13222 | D:9      | Killed Prince Ribbit
 13222 | D:9      | Reached * piety under Vehumet
 13222 | D:9      | Offered knowledge of Sandblast by Vehumet.
 13258 | D:9      | Killed Erolcha
 13258 | D:9      | Reached skill level 5 in Bows
 13609 | D:9      | Reached skill level 6 in Bows
 13661 | D:9      | Reached skill level 1 in Poison Magic
 13825 | D:9      | Reached skill level 7 in Bows
 14016 | D:9      | Noticed Pikel
 14034 | D:9      | Killed Pikel
 14034 | D:9      | Reached skill level 8 in Bows
 14034 | D:9      | Reached skill level 1 in Fire Magic
 14594 | D:10     | Entered Level 10 of the Dungeon
 14619 | D:10     | Reached skill level 10 in Spellcasting
 14619 | D:10     | Reached skill level 10 in Air Magic
 14619 | D:10     | Reached XP level 11. HP: 49/64 MP: 12/26
 14693 | D:10     | Noticed a hill giant
 14703 | D:10     | Noticed Psyche
 14712 | D:10     | Killed Psyche
 14714 | D:10     | Reached ** piety under Vehumet
 14729 | D:10     | Offered knowledge of Searing Ray by Vehumet.
 14885 | D:10     | Reached skill level 9 in Bows
 15065 | D:10     | Killed a hill giant
 15417 | D:10     | Found a staircase to the Lair.
 15878 | Lair:1   | Entered Level 1 of the Lair of Beasts
 15880 | Lair:1   | Got a distressingly furry robe
 15891 | Lair:1   | Identified the +2 robe of Dipot {rF+} (You found it on level 1 of the Lair of Beasts)
 15995 | Lair:1   | Learned a level 4 spell: Sticky Flame
 15999 | Lair:1   | Learned a level 3 spell: Conjure Flame
 16005 | Lair:1   | Learned a level 5 spell: Lightning Bolt
 16008 | Lair:1   | Learned a level 2 spell: Blink
 16419 | Lair:1   | Reached skill level 10 in Bows
 16437 | Lair:1   | Offered knowledge of Stone Arrow by Vehumet.
 16911 | Lair:2   | Reached *** piety under Vehumet
 17314 | Lair:2   | Reached skill level 5 in Stealth
 17327 | Lair:2   | Offered knowledge of Force Lance by Vehumet.
 17481 | Lair:1   | Learned a level 4 spell: Force Lance
 17611 | Lair:2   | Reached skill level 1 in Translocations
 17828 | Lair:2   | Identified a scroll of acquirement
 18143 | Lair:3   | Reached skill level 11 in Bows
 18175 | Lair:3   | Got a dazzling spear
 18176 | Lair:3   | Identified the +4 spear "Imp's Death Toll" {pain, +Inv rN+ MP+9} (You found it on level 3 of the Lair of Beasts)
 18354 | Lair:3   | Reached **** piety under Vehumet
 18791 | Lair:3   | Reached XP level 12. HP: 59/72 MP: 8/28
 18884 | Lair:1   | Learned a level 2 spell: Shroud of Golubria
 18934 | Lair:2   | Offered knowledge of Dazzling Spray by Vehumet.
 19005 | Lair:4   | Noticed an eight-headed hydra
 19014 | Lair:4   | Killed an eight-headed hydra
 19109 | Lair:4   | Found a staircase to the Snake Pit.
 20405 | Lair:5   | Learned a level 3 spell: Dazzling Spray
 20904 | Lair:6   | Noticed a seven-headed hydra
 20910 | Lair:6   | Killed a seven-headed hydra
 21139 | Lair:6   | Noticed a death yak
 21145 | Lair:6   | Noticed a death yak
 21157 | Lair:6   | Noticed a death yak
 21159 | Lair:6   | Noticed a death yak
 21160 | Lair:6   | Noticed a death yak
 21160 | Lair:6   | Noticed a death yak
 21161 | Lair:6   | Noticed a death yak
 21181 | Lair:6   | Killed a death yak
 21194 | Lair:5   | Killed a death yak
 21342 | Lair:6   | Noticed an eight-headed hydra
 21361 | Lair:6   | Killed an eight-headed hydra
 21361 | Lair:6   | Reached skill level 12 in Bows
 21587 | Lair:6   | Killed a death yak
 21587 | Lair:6   | Reached skill level 10 in Conjurations
 21593 | Lair:6   | Noticed a four-headed hydra
 21613 | Lair:6   | Killed a death yak
 21629 | Lair:6   | Killed a four-headed hydra
 21629 | Lair:6   | Killed a death yak
 21629 | Lair:6   | Reached ***** piety under Vehumet
 21629 | Lair:6   | Offered knowledge of Lee's Rapid Deconstruction by Vehumet.
 21629 | Lair:6   | Reached skill level 1 in Evocations
 21647 | Lair:6   | Killed a death yak
 21666 | Lair:6   | Killed a death yak
 21886 | Lair:6   | Reached XP level 13. HP: 77/77 MP: 21/29
 21941 | Lair:6   | Found a staircase to the Shoals.
 22948 | Lair:7   | Noticed Josephine
 22975 | Lair:7   | Killed Josephine
 23937 | D:11     | Reached skill level 5 in Translocations
 24187 | D:11     | Noticed Fannar
 24321 | D:11     | Identified Getuis's Catalogue of Boosting Lightness
 24341 | D:11     | Noticed Snorg
 24390 | D:11     | Killed Snorg
 24394 | D:11     | Reached skill level 13 in Bows
 24548 | D:11     | Offered knowledge of Throw Icicle by Vehumet.
 24627 | D:11     | Noticed Nergalle
 24644 | D:11     | Killed Nergalle
 24928 | D:11     | Killed Fannar
 25041 | D:12     | Found an iron altar of Okawaru.
 25758 | D:12     | Found Kaphidin's Gadget Emporium.
 25803 | D:12     | Found a staircase to the Orcish Mines.
 26236 | Orc:1    | Entered Level 1 of the Orcish Mines
 26284 | Orc:1    | Noticed Urug
 26304 | Orc:1    | Killed Urug
 26322 | Orc:1    | Found a flagged portal.
 26380 | Bailey   | Entered a bailey
 26511 | Bailey   | Got a translucent scimitar {freeze}
 26512 | Bailey   | Identified the +7 scimitar "Jurpheo" {freeze, Str+2 Dex+3} (You took it off a kobold in a bailey)
 26885 | Orc:2    | Entered Level 2 of the Orcish Mines
 26923 | Orc:2    | Reached ****** piety under Vehumet
 27083 | Orc:2    | Reached XP level 14. HP: 83/83 MP: 28/31
 27371 | Orc:2    | Reached skill level 14 in Bows
 27460 | Orc:2    | Offered knowledge of Freezing Cloud by Vehumet.
 27468 | Orc:2    | Learned a level 6 spell: Freezing Cloud
 27514 | Orc:2    | Found Weinal's Armour Emporium.
 28075 | Orc:2    | Found Gyhyn's Magic Scroll Shop.
 28087 | Orc:2    | Bought a scroll of enchant weapon for 120 gold pieces
 28089 | Orc:2    | Found Vaxt's General Store.
 28091 | Orc:2    | Found Ifus's General Store.
 28097 | Orc:2    | Bought a scroll of enchant weapon for 105 gold pieces
 28097 | Orc:2    | Bought a scroll of blinking for 105 gold pieces
 28195 | Orc:2    | Found a staircase to the Elven Halls.
 28846 | D:12     | Bought a phial of floods for 720 gold pieces
 29422 | Lair:8   | Entered Level 8 of the Lair of Beasts
 29826 | Lair:8   | Reached skill level 15 in Bows
 29940 | Lair:8   | Found a staircase to the Slime Pits.
 29940 | Lair:8   | Found a viscous altar of Jiyva.
 30913 | Lair:8   | Offered knowledge of Delayed Fireball by Vehumet.
 31560 | Shoals:1 | Entered Level 1 of the Shoals
 32419 | Shoals:1 | Reached skill level 1 in Hexes
 32527 | Shoals:1 | Noticed a frost giant
 33614 | Shoals:1 | Killed a frost giant
 33614 | Shoals:1 | Reached skill level 16 in Bows
 34114 | Shoals:1 | Reached XP level 15. HP: 40/90 MP: 15/33
 36366 | Snake:1  | Entered Level 1 of the Snake Pit
 37002 | Lair:4   | Offered knowledge of Spellforged Servitor by Vehumet.
 39238 | D:14     | Found a portal to a secret trove of treasure.
 39388 | D:14     | Reached skill level 17 in Bows
 39777 | D:14     | Reached skill level 1 in Charms
 40115 | D:14     | Found a gate to the Vaults.
 40325 | D:14     | Got a faintly humming leather armour
 40336 | D:14     | Identified the +3 leather armour "Boezxed" {rF+} (You found it on level 14 of the Dungeon)
 40630 | D:14     | Found an oddly glowing altar of Pakellas.
 40631 | D:14     | Noticed a sphinx
 40649 | D:14     | Killed a sphinx
 41038 | Elf:1    | Entered Level 1 of the Elven Halls
 41101 | Elf:1    | Reached skill level 10 in Dodging
 41227 | Elf:1    | Found a magical portal.
 41270 | WizLab   | Entered Lehudib's Moon Base
 41283 | WizLab   | Noticed a tentacled starspawn
 41286 | WizLab   | Noticed a tentacled starspawn
 41307 | Elf:1    | Killed a tentacled starspawn
 41613 | Elf:1    | Reached skill level 1 in Armour
 41634 | Elf:1    | Reached skill level 18 in Bows
 41751 | Elf:1    | Reached XP level 16. HP: 34/95 MP: 22/35
 42391 | Elf:1    | Found a radiant altar of Vehumet.
 42770 | Elf:1    | Offered knowledge of Poisonous Cloud by Vehumet.
 43229 | Elf:1    | Reached skill level 19 in Bows
 43347 | Elf:1    | Identified the Handbook of Damage Dealing
 43930 | Elf:2    | Found Mecvuz's Antique Weapon Shoppe.
 44521 | Elf:2    | Got a distressingly furry shield
 44528 | Elf:2    | Identified the +1 shield "Ohotink" {rN+ rCorr Str+7} (You acquired it on level 2 of the Elven Halls)
 44593 | Elf:2    | Reached skill level 1 in Shields
 45254 | Elf:2    | Found a runed gate.
 45255 | Elf:2    | Found a runed gate.
 45256 | Elf:2    | Found a runed gate.
 46416 | Snake:1  | Noticed Rupert
 46440 | Snake:1  | Killed Rupert
 47167 | Snake:1  | Learned a level 6 spell: Conjure Ball Lightning
 47437 | Snake:2  | Reached XP level 17. HP: 101/101 MP: 23/36
 47473 | Snake:2  | Noticed Jorgrun
 48514 | Snake:2  | Offered knowledge of Ozocubu's Refrigeration by Vehumet.
 48804 | Snake:2  | Reached skill level 10 in Stealth
 49762 | Shoals:2 | Reached skill level 5 in Fire Magic
 49996 | Shoals:2 | Reached skill level 15 in Spellcasting
 50532 | Shoals:3 | Noticed Polyphemus
 53366 | Shoals:3 | Killed Polyphemus
 53934 | Shoals:4 | Entered Level 4 of the Shoals
 54832 | Lair:1   | Learned a level 1 spell: Apportation
 57589 | Shoals:4 | Got a barnacled rune of Zot
 57905 | Shoals:4 | Reached skill level 20 in Bows
 58109 | Shoals:4 | Noticed Ilsuiw
 58135 | Shoals:3 | Reached XP level 18. HP: 91/107 MP: 18/38
 58494 | Shoals:4 | Offered knowledge of Fire Storm by Vehumet.
 58494 | Shoals:4 | Offered knowledge of Chain Lightning by Vehumet.
 58494 | Shoals:4 | Offered knowledge of Tornado by Vehumet.
 58838 | Vaults:1 | Entered Level 1 of the Vaults
 58912 | Vaults:1 | Noticed Norris
 58938 | Vaults:1 | Paralysed by Norris for 2 turns
 58945 | Vaults:1 | Killed Norris
 58962 | Vaults:1 | Got a bloodstained buckler
 58969 | Vaults:1 | Identified the +3 buckler of the Dwarven Hall {+Inv Int+5} (You took it off Norris on level 1 of the Vaults)
 61087 | Vaults:1 | Reached skill level 21 in Bows
 63780 | Snake:2  | Killed Jorgrun
 64272 | Snake:3  | Found a blossoming altar of Fedhas.
 64469 | Lair:1   | Learned a level 3 spell: Portal Projectile
 64474 | Lair:1   | Learned a level 4 spell: Passage of Golubria
 64480 | Lair:1   | Learned a level 5 spell: Fireball
 65095 | Snake:3  | Reached XP level 19. HP: 107/112 MP: 15/40
 65574 | Snake:3  | Reached skill level 22 in Bows
 67781 | Vaults:2 | Got a faintly glowing short sword
 67782 | Vaults:2 | Identified the +7 short sword of Havoc {speed, MR+ MP+9 Dex+5 Stlth-} (You found it on level 2 of the Vaults)
 67812 | Vaults:2 | Noticed a bone dragon
 68633 | Snake:4  | Entered Level 4 of the Snake Pit
 68647 | Snake:4  | Reached skill level 15 in Conjurations
 68746 | Snake:4  | Found Rinomelo's Jewellery Emporium.
 68855 | Snake:4  | Bought the amulet of Cekugob {Dismiss -Tele rElec rPois rN++ AC+1 EV+1} for 738 gold pieces
 69509 | Snake:3  | Reached skill level 23 in Bows
 70830 | Snake:4  | Reached skill level 1 in Ice Magic
 71302 | Snake:4  | Mangled by a naga warrior

Skill      XL: |  1  2  3  4  5  6  7  8  9 10 11 12 13 14 15 16 17 18 19 |
---------------+----------------------------------------------------------+-----
Air Magic      | 4 5 6 7 9 10 11 12 13 | 13.5
Spellcasting   | 3 4 5 6 7 9 10 11 12 13 14 15 16 | 16.9
Conjurations   | 2 3 4 5 6 7 8 9 10 11 12 13 14 15 | 15.1
Stealth        | 3 4 5 6 8 9 10 | 10.5
Dodging        | 3 4 5 6 7 8 9 10 11 | 11.9
Fighting       | 1 2 3 4 |  4.7
Short Blades   | 1 2 3 4 |  4.7
Bows           | 2 8 11 12 13 16 18 19 20 21 23 | 23.4
Poison Magic   | 1 |  1.1
Fire Magic     | 1 2 3 4 5 |  5.8
Translocations | 2 4 5 6 7 8 9 |  9.0
Evocations     | 1 2 |  2.3
Hexes          | 1 2 |  2.1
Charms         | 1 2 |  2.5
Armour         | 1 2 3 |  3.7
Shields        | 3 4 |  4.4
Ice Magic      | 1 |  1.0

Action                   |  1- 3 |  4- 6 |  7- 9 | 10-12 | 13-15 | 16-18 | 19-21 || total
-------------------------+-------+-------+-------+-------+-------+-------+-------++-------
Melee: Whip              |    35 |    27 |       |       |       |       |       ||    62
       Dagger            |       |       |    51 |   167 |   645 |   571 |     3 ||  1437
       Rapier            |       |       |     5 |   183 |       |       |       ||   188
       Mace              |       |       |     2 |       |       |       |       ||     2
       Scimitar          |       |       |       |       |     4 |    33 |       ||    37
 Fire: Shortbow          |       |       |    49 |   558 |  1666 |  1563 |   479 ||  4315
       Longbow           |       |       |       |       |       |       |   388 ||   388
 Cast: Shock             |    83 |   211 |   353 |   285 |   201 |   209 |    12 ||  1354
       Repel Missiles    |     1 |     1 |     3 |     2 |     5 |    14 |     6 ||    32
       Static Discharge  |       |     3 |    27 |    30 |     2 |       |       ||    62
       Swiftness         |       |       |     2 |       |       |     3 |     1 ||     6
       Flame Tongue      |       |       |     5 |    10 |       |     2 |       ||    17
       Throw Flame       |       |       |     5 |     6 |       |       |       ||    11
       Mephitic Cloud    |       |       |     3 |   108 |   185 |   229 |    11 ||   536
       Force Lance       |       |       |       |    36 |   231 |   410 |   100 ||   777
       Sticky Flame      |       |       |       |    33 |   136 |   215 |    23 ||   407
       Shroud of Golubri |       |       |       |     5 |    13 |    22 |     2 ||    42
       Lightning Bolt    |       |       |       |     3 |       |       |       ||     3
       Dazzling Spray    |       |       |       |     2 |    65 |    50 |     3 ||   120
       Conjure Flame     |       |       |       |       |     2 |       |       ||     2
       Freezing Cloud    |       |       |       |       |     5 |    23 |    12 ||    40
       Magic Dart        |       |       |       |       |     2 |     4 |       ||     6
       Blink             |       |       |       |       |       |     4 |       ||     4
       Conjure Ball Ligh |       |       |       |       |       |     4 |       ||     4
       Fireball          |       |       |       |       |       |       |     2 ||     2
 Abil: Stop Flying       |       |       |       |       |     1 |     2 |       ||     3
       Evoke Flight      |       |       |       |       |     1 |     2 |       ||     3
Evoke: Wand              |       |       |       |    15 |     5 |    27 |     2 ||    49
       Phial of floods   |       |       |       |       |     2 |     2 |     1 ||     5
       Lamp of fire      |       |       |       |       |       |     1 |     2 ||     3
       Phantom mirror    |       |       |       |       |       |       |     1 ||     1
  Use: Scroll            |     2 |     5 |     8 |    17 |    18 |    10 |     6 ||    66
       Potion            |       |     5 |     2 |       |       |     1 |     2 ||    10
 Stab: Sleeping          |     6 |     2 |     2 |     4 |    16 |     3 |       ||    33
       Confused          |       |       |       |    28 |    57 |    31 |       ||   116
       Distracted        |       |       |       |     1 |     1 |     3 |       ||     5
       Invisible         |       |       |       |       |     4 |     6 |       ||    10
  Eat: Chunk             |     5 |    11 |    13 |    25 |    52 |    43 |    29 ||   178
       Beef jerky        |       |     1 |     1 |     1 |       |       |       ||     3
       Meat ration       |       |       |     1 |       |     1 |     1 |       ||     3
       Royal jelly       |       |       |       |     1 |     2 |     3 |       ||     6
       Fruit             |       |       |       |       |       |    11 |       ||    11
       Bread ration      |       |       |       |       |       |     3 |       ||     3
Armor: Robe              |     8 |    18 |    25 |   119 |   227 |       |       ||   397
       Skin              |       |     1 |       |       |       |       |       ||     1
       Leather armour    |       |       |       |       |     3 |   237 |    36 ||   276
Dodge: Dodged            |    16 |    62 |    82 |   338 |   782 |   841 |   231 ||  2352
       Deflected         |       |     3 |     7 |     4 |    71 |   107 |    63 ||   255
Block: Shield            |       |       |       |       |       |   293 |       ||   293
